 Dungeon Crawl Stone Soup version 0.29.0-4-gdea44cf6ec (webtiles) character file.

Game seed: 1007150253231394790

2 qw the Sneak (level 1, -4/14 HPs)
             Began as a Gargoyle Delver on Sept 10, 2022.
             Slain by a howler monkey (5 damage)
             ... on level 5 of the Dungeon.
             The game lasted 00:00:04 (319 turns).

qw the Sneak (Gargoyle Delver)                       Turns: 319, Time: 00:00:05

Health: -4/14      AC:  5    Str: 15    XL:     1   Next: 30%
Magic:  1/1        EV: 11    Int: 10    God:
Gold:   0          SH:  0    Dex: 11    Spells: 0/0 levels left

rFire   . . .      SeeInvis .   a - +0 hand axe
rCold   . . .      Faith    .   (no shield)
rNeg    + . .      Spirit   .   b - +0 leather armour
rPois   inf        Reflect  .   (no helmet)
rElec   +          Harm     .   (no cloak)
rCorr   .          Rampage  .   (no gloves)
Will    .....                   (no boots)
Stlth   +++.......              (no amulet)
HPRegen 0.04/turn               (no ring)
MPRegen 0.07/turn               (no ring)

@: no status effects
A: sickness immunity, AC +2, negative energy resistance 1, electricity
resistance, torment resistance 1, petrification resistance
a: no special abilities


You were on level 5 of the Dungeon.
You visited 1 branch of the dungeon, and saw 1 of its levels.


Innate Abilities, Weirdness & Mutations

You are immune to sickness and miasma.
Your stone body is resilient. (AC +2)
You are immune to poison.
You resist negative energy. (rN+)
You are resistant to electric shocks. (rElec)
You are resistant to unholy torment.
You are immune to petrification.


   Skills:
 - Level 3.2 Fighting
 + Level 2.0 Axes
 - Level 1.5 Dodging
 - Level 5.4 Stealth


You couldn't memorise any spells.
You didn't know any spells.
Your spell library was empty.

Inventory:

Hand Weapons
 a - a +0 hand axe (weapon)
Armour
 b - a +0 leather armour (worn)
Wands
 g - a wand of digging (3)
Scrolls
 c - a scroll of fog
 d - a scroll of magic mapping
 e - a scroll of fear
 h - a scroll of brand weapon {unknown}
Potions
 f - a potion of haste

Dungeon Overview and Level Annotations

Branches:
Dungeon (5/15)
 Temple: D:4-7

Altars:


Message History

You start resting.
An orc wizard comes into view.
It is wielding a +0 dagger and wearing a +2 robe of the Archmagi.
70 ||| Stepping ~*~*~tactically~*~*~ (stealth).
You start resting.
An ogre is nearby!
214 ||| Stepping ~*~*~tactically~*~*~ (stealth).
h - a scroll labelled DUNOPNA GI PYNYJ You start resting.
A howler monkey is nearby!
You start resting.
A howler monkey is nearby!
You start resting.
A howler monkey is nearby!
The howler monkey howls!
You hit the howler monkey.
The howler monkey is lightly wounded.
The howler monkey closely misses you.
You hit the howler monkey.
The howler monkey is moderately wounded.
The howler monkey hits you.
The howler monkey hits you but does no damage.
You hit the howler monkey.
The howler monkey is moderately wounded.
The howler monkey hoots and howls with incredible vigour!
You hear an angry hiss. x2; You hear a shout! x6
You hit the howler monkey but do no damage.
The howler monkey is moderately wounded.
The howler monkey closely misses you. The howler monkey hits you.
You slash the howler monkey!
The howler monkey is severely wounded.
An adder comes into view.
The howler monkey hits you.
You closely miss the howler monkey.
The howler monkey is severely wounded.
The howler monkey closely misses you.
You hit the howler monkey.
The howler monkey is almost dead.
You hit the adder. The howler monkey hits you.
You die...

#.......>.......
#...#.#.........
#...#.#..#.####.
#............
#..#.O#........
#..#..#....####
#............
#######.#.##......
#..S@h............
#..#####)#########.
#. #.# #.# #.# ..#
.o. O..


You could see a howler monkey and an adder.

Vanquished Creatures
  An orc (D:5)
1 creature vanquished.

Notes
Turn   | Place    | Note
-------+----------+-------------------------------------------
     0 | D:5      | qw the Gargoyle Delver began the quest for the Orb.
     0 | D:5      | Reached XP level 1. HP: 14/14 MP: 1/1
     0 | D:5      | 0 ||| qw: Version: 0.1-a-116-g5d60599
     0 | D:5      | 0 ||| qw: Game counter: 8160
     0 | D:5      | 0 ||| qw: Always use a shield: true
     0 | D:5      | 0 ||| qw: God list: Okawaru
     0 | D:5      | 0 ||| qw: Allow faded altars: false
     0 | D:5      | 0 ||| qw: Do Orc after D:15 true
     0 | D:5      | 0 ||| qw: Do second Lair branch before Depths: true
     0 | D:5      | 0 ||| qw: Lair rune preference: random
     0 | D:5      | 0 ||| qw: Plans: Normal
     0 | D:5      | 0 ||| PLANNING D:1-11
     6 | D:5      | Noticed a howler monkey
     9 | D:5      | 9 ||| Stepping ~*~*~tactically~*~*~ (stealth).
    10 | D:5      | 10 ||| Stepping ~*~*~tactically~*~*~ (stealth).
    12 | D:5      | 12 ||| Stepping ~*~*~tactically~*~*~ (stealth).
    13 | D:5      | 13 ||| Stepping ~*~*~tactically~*~*~ (stealth).
    16 | D:5      | 16 ||| Stepping ~*~*~tactically~*~*~ (hiding).
    27 | D:5      | 27 ||| Stepping ~*~*~tactically~*~*~ (stealth).
    28 | D:5      | 28 ||| Stepping ~*~*~tactically~*~*~ (stealth).
    32 | D:5      | 32 ||| Stepping ~*~*~tactically~*~*~ (stealth).
    33 | D:5      | 33 ||| Stepping ~*~*~tactically~*~*~ (stealth).
    37 | D:5      | 37 ||| Stepping ~*~*~tactically~*~*~ (hiding).
    43 | D:5      | HP: 2/14 [orc/+0 trident (8)]
    64 | D:5      | Noticed an ogre
    65 | D:5      | 65 ||| Stepping ~*~*~tactically~*~*~ (stealth).
    69 | D:5      | Noticed an orc wizard
    70 | D:5      | 70 ||| Stepping ~*~*~tactically~*~*~ (stealth).
   214 | D:5      | 214 ||| Stepping ~*~*~tactically~*~*~ (stealth).
   317 | D:5      | HP: 1/14 [howler monkey (6)]
   319 | D:5      | Slain by a howler monkey

Levels and vault maps discovered:
D:5:      layout_loops_cross, lemuel_crystal_altar, uniq_grinder

Skill      XL: |  1 |
---------------+----+-----
Axes           | 2 |  2.0
Fighting       | |  3.2
Dodging        | |  1.5
Stealth        | |  5.4

Action                   || total
-------------------------++-------
Melee: Hand axe          ||    10
Armor: Leather armour    ||     2
Dodge: Dodged            ||     4

Table legend:
 A = Non-vault XP
 B = Vault XP
 C = Vault XP percentage of total XP
 D = Non-vault monster count
 E = Vault monster count
 F = Vault count percentage of total count
                 A         B        C        D         E       F
            +---------+---------+-------+---------+---------+-------
      Total |       3 |       0 |   0.0 |       1 |       0 |   0.0
            +---------+---------+-------+---------+---------+-------
        D:5 |       3 |       0 |   0.0 |       1 |       0 |   0.0
            +---------+---------+-------+---------+---------+-------
